 Dungeon Crawl Stone Soup version 0.22-a0-570-g58866f5 (webtiles) character file.

94 MothsLongingForFire the Chopper (level 4, 0/37 HPs)
             Began as a Demonspawn Monk on June 28, 2018.
             Succumbed to an orc wizard's poison
             ... on level 3 of the Dungeon on June 30, 2018.
             The game lasted 00:05:11 (2106 turns).

MothsLongingForFire the Chopper (Demonspawn Monk)   Turns: 2106, Time: 00:05:12

Health: 0/37       AC:  8    Str: 12    XL:     4   Next: 38%
Magic:  4/4        EV: 11    Int: 12    God:
Gold:   47         SH:  0    Dex: 20    Spells: 3/3 levels left

rFire    + + .     SeeInvis .   a - +0 hand axe
rCold    + . .     Gourm    .   (no shield)
rNeg     . . .     Faith    .   n - +0 chain mail
rPois    +         Spirit   .   (helmet restricted)
rElec    +         Reflect  .   (no cloak)
rCorr    +         Harm     .   (no gloves)
MR       .....                  (no boots)
Stlth    ..........             (no amulet)
HPRegen  0.12/turn              (no ring)
MPRegen  0.09/turn              (no ring)

@: agile, lethally poisoned (0 -> -10), resistant, flying, hasted, very quick
A: horns 1, fire resistance 1
a: no special abilities


You were on level 3 of the Dungeon.
You were not hungry.

You visited 1 branch of the dungeon, and saw 3 of its levels.

You collected 47 gold pieces.


Innate Abilities, Weirdness & Mutations

You have a pair of small horns on your head.
Your flesh is heat resistant. (rF+)


   Skills:
 + Level 3.8 Fighting
 * Level 4.2 Axes
 - Level 2.6 Dodging
 - Level 1.7 Stealth


You had 3 spell levels left.
You didn't know any spells.
Your spell library was empty.

Inventory:

Hand Weapons
 a - a +0 hand axe (weapon)
Missiles
 g - 67 stones (quivered)
Armour
 b - a +0 robe
 n - a +0 chain mail (worn)
Scrolls
 d - 2 scrolls of teleportation {unknown}
 e - 2 scrolls of immolation {unknown}
 f - 3 scrolls of identify {unknown}
Potions
 h - a potion of flight
Comestibles
 c - 6 rations {@e1}
 l - 10 chunks of flesh

Dungeon Overview and Level Annotations

Branches:
Dungeon (3/15)

Altars:

Annotations:
D:2 pack of gnolls

.....#[##(# #.....#
.........(#######.###
.....#.##(#.......).#
.....#..#.#.####.##.#
......รท.).........#.#
.....##...#.#.....#.#
.....###..#.......#.#
.....# #..#.#.......#
..<..# ##........@.##
.....# #.########o####
.....# #>............#
.....# ##########.##.#
.......#.##.#
#....##.# #..####.#
#.......# #.#######


You could see an orc wizard.


Message History

* * * LOW HITPOINT WARNING * * *
You feel sick.
The orc wizard hits you but does no damage.
Your chain mail prevents you from hitting the orc wizard.
The orc wizard is heavily wounded.
* * * LOW HITPOINT WARNING * * *
You feel sick. The orc wizard misses you.
You hit the orc wizard but do no damage.
Your headbutt misses the orc wizard.
The orc wizard is heavily wounded.
You hit the orc wizard but do no damage.
The orc wizard is heavily wounded.
* * * LOW HITPOINT WARNING * * *
You feel sick.
The orc wizard hits you but does no damage.
You closely miss the orc wizard. Your headbutt misses the orc wizard.
The orc wizard is heavily wounded.
* * * LOW HITPOINT WARNING * * *
You feel sick.
The orc wizard hits you but does no damage.
Drop what? 10/52 slots (_ for help) (? for menu, Esc to quit)
Okay, then.
Press: ? - help, v - describe, . - travel
Here: an orc wizard, wielding a dagger of venom and wearing a robe (heavily wounded)
The floor.
Unknown command.
You miss the orc wizard.
You headbutt the orc wizard, but do no damage.
The orc wizard is heavily wounded.
You die...

Skill      XL: |  1  2  3 |
---------------+----------+-----
Axes           | 3 4 |  4.2
Fighting       | |  3.8
Dodging        | |  2.6
Stealth        | |  1.7

Action                   |  1- 3 |  4- 6 || total
-------------------------+-------+-------++-------
Melee: Hand axe          |    95 |    65 ||   160
       Headbutt          |    10 |     8 ||    18
Throw: Stone             |     6 |       ||     6
  Use: Potion            |       |     5 ||     5
 Stab: Sleeping          |     2 |       ||     2
  Eat: Chunk             |     2 |     2 ||     4
Armor: Robe              |     8 |       ||     8
       Chain mail        |    14 |    30 ||    44
Dodge: Dodged            |    65 |    26 ||    91

Vault maps used:
D:1:      dpeg_arrival_round_c, st_stairs_4, minmay_misc_feat_hallway,
          patterned_corridor
D:3:      kennysheep_minor_cross, kennysheep_generic_room_6, uniq_jessica

Notes
Turn   | Place    | Note
-------+----------+-------------------------------------------
     0 | D:1      | MothsLongingForFire the Demonspawn Monk began the quest for the Orb.
     0 | D:1      | Reached XP level 1. HP: 18/18 MP: 1/1
   400 | D:1      | Reached skill level 3 in Axes
   426 | D:1      | Gained mutation: You have a pair of small horns on your head. [demonic ancestry]
   426 | D:1      | Reached XP level 2. HP: 11/24 MP: 2/2
   964 | D:1      | Upgraded the game from 0.22-a0-565-gfc6459a to 0.22-a0-570-g58866f5
  1151 | D:2      | Reached XP level 3. HP: 29/29 MP: 3/3
  1542 | D:3      | Noticed Jessica
  1598 | D:3      | Killed Jessica
  1656 | D:3      | Reached skill level 4 in Axes
  1656 | D:3      | Gained mutation: Your flesh is heat resistant. (rF+) [demonic ancestry]
  1656 | D:3      | Reached XP level 4. HP: 28/37 MP: 4/4
  2094 | D:3      | Identified a potion of resistance
  2102 | D:3      | HP: 3/37 [poisoned by an orc wizard]
  2105 | D:3      | HP: 1/37 [poisoned by an orc wizard]
  2106 | D:3      | Succumbed to an orc wizard's poison

Vanquished Creatures
  Jessica (D:3)
  An adder (D:3)
  A worm (D:3)
  A dart slug (D:1)
  2 leopard geckos
  8 orcs
  A ball python (D:3)
  2 giant cockroaches (D:1)
  4 goblins
  3 hobgoblins
  A quokka (D:3)
  4 bats
  6 frilled lizards
  5 kobolds (D:1)
  6 rats
46 creatures vanquished.

Table legend:
 A = Turns spent in this place as a percentage of turns spent in the entire game.
 B = Non-inter-level travel turns spent in this place as a percentage of non-inter-level travel turns spent in the entire game.
 C = Inter-level travel turns spent in this place as a percentage of turns spent in this place.
 D = Turns resting spent in this place as a percentage of non-inter-level travel turns spent in this place.
 E = Turns spent auto-exploring this place as a percentage of non-inter-level travel turns spent in this place.
 F = Non-inter-level travel turns spent in this place divided by the number of levels of this place that you've seen.
                   A       B       C       D       E      F
               +-------+-------+-------+-------+-------+----------------------
         Total | 100.0 | 100.0 |   2.6 |  40.5 |  34.7 | 684.0
       Dungeon | 100.0 | 100.0 |   2.6 |  40.5 |  34.7 | 684.0
               +-------+-------+-------+-------+-------+----------------------

Table legend:
 A = Spawn XP
 B = Non-spawn XP
 C = Spawn XP percentage of total XP
 D = Spawn monster count
 E = Non-spawn monster count
 F = Spawn count percentage of total count
 G = Total turns spent on level
                    A         B        C        D         E        F      G
               +---------+---------+-------+---------+---------+-------+---------
         Total |       0 |     135 |   0.0 |       0 |      46 |   0.0 |  2106
               +---------+---------+-------+---------+---------+-------+---------
           D:1 |       0 |      36 |   0.0 |       0 |      23 |   0.0 |  1153
           D:2 |       0 |      10 |   0.0 |       0 |       5 |   0.0 |   433
           D:3 |       0 |      89 |   0.0 |       0 |      18 |   0.0 |   520
               +---------+---------+-------+---------+---------+-------+---------
